 Dungeon Crawl Stone Soup version 0.29.1-15-g9cfb28693d (webtiles) character file.

Game seed: 3810254527774919601

220 coffeetime the Ruffian (level 5, -6/49 HPs)
             Began as a Troll Warper on July 3, 2023.
             Was a Follower of Makhleb.
             Mangled by Edmund
             ... wielding a +2 flail of protection
              (12 damage)
             ... on level 4 of the Dungeon on July 4, 2023.
             The game lasted 00:09:27 (2878 turns).

coffeetime the Ruffian (Troll Warper)               Turns: 2878, Time: 00:09:28

Health: -6/49      AC:  4    Str: 21    XL:     5   Next: 64%
Magic:  6/6        EV: 25    Int:  9    God:    Makhleb [*.....]
Gold:   231        SH:  0    Dex:  9    Spells: 7/7 levels left

rFire   . . .      SeeInvis .     - Unarmed
rCold   . . .      Faith    .   (no shield)
rNeg    . . .      Spirit   .   a - +0 robe
rPois   .          Reflect  .   (helmet restricted)
rElec   .          Harm     .   (no cloak)
rCorr   .          Rampage  .   (gloves unavailable)
Will    .....                   (boots unavailable)
Stlth   +.........              h - amulet of the acrobat
HPRegen 0.96/turn               (no ring)
MPRegen 0.10/turn               (no ring)

@: acrobatic
A: large, unfitting armour, claws 3, regeneration 1, shaggy fur 1, tough skin 1
a: Renounce Religion


You were on level 4 of the Dungeon.
You worshipped Makhleb.
Makhleb was aware of your devotion.
You visited 1 branch of the dungeon, and saw 4 of its levels.

You collected 231 gold pieces.

Inventory:

Missiles
 c - 7 boomerangs of dispersal
 f - 59 stones (quivered)
 n - a throwing net
 s - 2 poisoned darts
Armour
 a - a +0 robe (worn)
Jewellery
 h - an amulet of the acrobat (around neck)
Scrolls
 b - a scroll of blinking
 e - 4 scrolls of identify {unknown}
 g - a scroll of teleportation {unknown}
 k - a scroll of noise {unknown}
 l - a scroll of poison {unknown}
 p - 2 scrolls of butterflies {unknown}
 r - a scroll of immolation {unknown}
Potions
 d - 2 potions of ambrosia {unknown}
 i - a potion of lignification {unknown}
 j - a potion of brilliance {unknown}
 m - 2 potions of mutation {unknown}
 o - 2 potions of might {unknown}
 q - a potion of attraction {unknown}
 t - a potion of curing {unknown}


   Skills:
 + Level 2.2 Fighting
 + Level 0.8 Throwing
 + Level 2.8 Dodging
 + Level 4.2 Unarmed Combat
 + Level 1.7 Spellcasting
 + Level 2.4 Translocations


You had 7 spell levels left.
You didn't know any spells.
Your spell library contained the following spells:

 Spells                   Type           Power      Damage    Failure   Level
 Blink                    Tloc           10%        N/A       19%         2
 Gell's Gravitas          Tloc           5%         N/A       36%         3
 Lesser Beckoning         Tloc           5%         N/A       36%         3
 Teleport Other           Tloc           5%         N/A       36%         3
 Manifold Assault         Tloc           5%         N/A       98%         5
 Conjure Ball Lightning   Conj/Air       0%         3x3d6     100%        6
 Discord                  Hex            0%         N/A       100%        8
 Disjunction              Tloc           2%         N/A       100%        8


Dungeon Overview and Level Annotations

Branches:
Dungeon (4/15)
 Temple: D:4-7

Altars:
Makhleb
Wu Jian
Xom

Shops:
D:1 [   D:3 *

Annotations:
D:4 Edmund, Grinder


Innate Abilities, Weirdness & Mutations

You are too large for most types of armour.
You have claws for hands.
Your natural rate of healing is unusually fast.
You are covered in fur. (AC +1)
You have tough skin. (AC +1)


Message History

You see here a jackal corpse.
Edmund the Younger comes into view.
He is wielding a +2 flail of protection.
Found a shimmering altar of Xom.
Edmund shouts!
You hear a bark!
Okay, then.
Okay, then.
Okay, then.
You claw Edmund! Your claw misses Edmund.
Edmund is moderately wounded.
Edmund hits you with a +2 flail of protection!
You scratch Edmund but do no damage. You claw Edmund, but do no damage.
Edmund is moderately wounded.
Edmund hits you with a +2 flail of protection!
You scratch Edmund.
Edmund is heavily wounded.
Edmund hits you with a +2 flail of protection.
You scratch Edmund.
Edmund is heavily wounded.
Edmund hits you with a +2 flail of protection!
You completely miss Edmund.
Edmund is heavily wounded.
Edmund barely misses you.
You scratch Edmund but do no damage.
Edmund is heavily wounded.
Edmund hits you with a +2 flail of protection!
* * * LOW HITPOINT WARNING * * *
Edmund attacks as you move away!
Edmund hits you with a +2 flail of protection.
* * * LOW HITPOINT WARNING * * *
Okay, then.
You don't know any spells.
You don't know any spells.
You don't know any spells.
You don't know any spells.
A hound comes into view.
The hound barks!
Edmund attacks as you move away! Edmund completely misses you.
Edmund attacks as you move away!
Edmund hits you with a +2 flail of protection!
You die...

##...##...# #.........# .
#.........######### ..
##.††##...........##### ...
##.†.##...............#
....#....+...#######......#
....'....#...# #......#
...###..###@.# .......#
...###.)###@.# ....###+#
.........##..#


PPP... ......>..##h.# .P...... ...###..###..##..P._... ## ##.)###.....
#........... . +........... .. #........... ... ##..###..######## You could see
Edmund and a hound.

Vanquished Creatures
  An orc priest (D:3)
  2 orc wizards (D:4)
  6 adders
  2 worms (D:2)
  A dart slug (D:2)
  6 orcs
  4 ball pythons
  8 endoplasms
  3 giant cockroaches
  7 goblins
  4 hobgoblins
  5 jackals
  2 quokkas
  6 bats
  7 frilled lizards
  6 kobolds
  3 rats
73 creatures vanquished.

Vanquished Creatures (others)
  A plant (D:4)
1 creature vanquished.

Grand Total: 74 creatures vanquished

Notes
Turn   | Place    | Note
-------+----------+-------------------------------------------
     0 | D:1      | coffeetime the Troll Warper began the quest for the Orb.
     0 | D:1      | Reached XP level 1. HP: 19/19 MP: 1/1
    88 | D:1      | Found Roufihei's Antique Armour Shoppe.
   261 | D:1      | Reached XP level 2. HP: 27/27 MP: 3/3
   366 | D:1      | Found a faded altar of an unknown god.
  1375 | D:2      | Reached XP level 3. HP: 31/35 MP: 4/4
  1658 | D:2      | Found a burning altar of Makhleb.
  1663 | D:2      | Became a worshipper of Makhleb the Destroyer
  1717 | D:2      | Reached XP level 4. HP: 39/42 MP: 5/5
  1956 | D:3      | Identified the +3 ring mail of the Harvest {Fly Regen+
                  | Str-2 Slay+5}
  1960 | D:3      | Found Uniworhu's Assorted Antiques.
  1992 | D:3      | Reached skill level 3 in Unarmed Combat
  2163 | D:3      | Found an ornate altar of the Wu Jian Council.
  2242 | D:3      | Reached * piety under Makhleb
  2570 | D:3      | Reached XP level 5. HP: 49/49 MP: 6/6
  2714 | D:4      | Noticed Grinder
  2783 | D:4      | Reached skill level 4 in Unarmed Combat
  2856 | D:4      | Noticed Edmund
  2857 | D:4      | Found a shimmering altar of Xom.
  2874 | D:4      | HP: 2/49 [Edmund/+2 flail of protection (4)]
  2878 | D:4      | Mangled by Edmund

Illustrated notes

Levels and vault maps discovered:
D:1:      dpeg_arrival_shrine, layout_basic,
          hellmonk_ecumenical_altar_inner_sanctum, serial_shops,
          nicolae_shop_hallway_plus
D:2:      kennysheep_big_flooded_room, layout_basic, basic_altar
D:3:      layout_loops_ring, amcnicky_altar_gilded, serial_shops,
          nicolae_shop_advertising_works [nicolae_subvault_shop_adworks],
          minmay_shallow_snake_nest
D:4:      layout_gridville, mainiacjoe_overflow_chevrons, kennysheep_mini_moat,
          nicolae_ru_great_annihilating_truth, mainiacjoe_overflow_paths,
          chequers_serial_rivers_large_b, uniq_grinder, uniq_edmund

Skill      XL: |  1  2  3  4  5 |
---------------+----------------+-----
Dodging        | 2 |  2.8
Fighting       | 2 |  2.2
Unarmed Combat | 3 4 |  4.2
Throwing       | |  0.8
Spellcasting   | |  1.7
Translocations | |  2.4

Action                   |  1- 3 |  4- 6 || total
-------------------------+-------+-------++-------
Melee: Unarmed           |    95 |   104 ||   199
       Punch             |       |     2 ||     2
Throw: Stone             |     2 |       ||     2
Armor: Robe              |    27 |    33 ||    60
Dodge: Dodged            |    63 |    74 ||   137
